 Dungeon Crawl Stone Soup version 0.29-a0-542-g075992c915 (webtiles) character file.

Game seed: 8456759865208421808

50 valliere the Grave Robber (level 3, -4/26 HPs)
             Began as a Mummy Necromancer on June 3, 2022.
             Was a Follower of Ru.
             Slain by an ogre
             ... wielding a +0 giant club
              (6 damage)
             ... on level 2 of the Dungeon.
             The game lasted 00:06:21 (2264 turns).

valliere the Grave Robber (Mummy Necromancer)       Turns: 2264, Time: 00:06:21

Health: -4/26      AC:  9    Str: 11    XL:     3   Next: 55%
Magic:  1/7        EV: 12    Int: 16    God:    Ru [*.....]
Gold:   145        SH:  0    Dex: 12    Spells: 6/7 levels left

rFire   x . .      SeeInvis .   d - +2 short sword (protect)
rCold   + . .      Faith    .   (no shield)
rNeg    + + +      Spirit   .   a - +0 robe
rPois   ∞          Reflect  .   i - +0 hat
rElec   .          Harm     .   (no cloak)
rCorr   .          Rampage  .   (no gloves)
Will    .....                   (no boots)
Stlth   ++........              (no amulet)
HPRegen 0.08/turn               (no ring)
MPRegen 0.10/turn               (no ring)

@: under a protective aura
A: cold resistance 1, negative energy resistance 3, torment resistance 2, heat
vulnerability 1, in touch with death 1, missing an eye, no potions
a: Renounce Religion


You were on level 2 of the Dungeon.
You worshipped Ru.
Ru was aware of your devotion.
You visited 1 branch of the dungeon, and saw 3 of its levels.

You collected 145 gold pieces.

Inventory:

Hand Weapons
 c - a +0 dagger
 d - a +2 short sword of protection (weapon)
Armour
 a - a +0 robe (worn)
 i - a +0 hat (worn)
Scrolls
 b - a scroll of enchant armour {unknown}
 e - 2 scrolls of teleportation {unknown}
 f - a scroll of amnesia {unknown}
 g - a scroll of torment {unknown}
 h - 3 scrolls of identify {unknown}


   Skills:
 + Level 1.2 Fighting
 - Level 1.5 Dodging
 + Level 2.1 Stealth
 - Level 2.7 Spellcasting
 + Level 0.1 Hexes
 * Level 4.7 Necromancy


You had 6 spell levels left.
You knew the following spells:

 Your Spells              Type           Power      Damage    Failure   Level
a - Necrotize             Necr           100%       1d9       2%          1

Your spell library contained the following spells:

 Spells                   Type           Power      Damage    Failure   Level
 Vampiric Draining        Necr           25%        2d7       9%          3
 Ensorcelled Hibernation  Hex/Ice        4%         N/A       28%         2
 Animate Dead             Necr           25%        N/A       28%         4
 Anguish                  Hex/Necr       7%         N/A       56%         4
 Agony                    Necr           25%        N/A       61%         5
 Spider Form              Tmut/Pois      Unusable   N/A       N/A         3

Dungeon Overview and Level Annotations

Branches:
Dungeon (3/15)

Altars:
Ru

Annotations:
D:3 Sigmund


Innate Abilities, Weirdness & Mutations

You are immune to poison.
Your flesh is cold resistant. (rC+)
You are immune to negative energy. (rN+++)
You are immune to unholy pain and torment.
You are vulnerable to heat. (rF-)
You are in touch with the powers of death.
You are missing an eye, making it more difficult to aim.
You do not drink.


Message History

Press: ? - help, Shift-Dir - straight line, f/p - ogre
Aim: an ogre, wielding a +0 giant club (lightly wounded, chance to affect: 83%)
You feel a surge of power!
The ogre writhes in agony.
The ogre misses you.
Casting: Necrotize (safe; 2% risk of failure)
Confirm with . or Enter, or press ? or * to list all spells.
Aiming: Necrotize (safe; 2% risk of failure)
Press: ? - help, Shift-Dir - straight line, f/p - ogre
Aim: an ogre, wielding a +0 giant club (moderately wounded, chance to affect: 83%)
You feel a surge of power!
The ogre barely resists.
Casting: Necrotize (safe; 2% risk of failure)
Confirm with . or Enter, or press ? or * to list all spells.
Aiming: Necrotize (safe; 2% risk of failure)
Press: ? - help, Shift-Dir - straight line, f/p - ogre
Aim: an ogre, wielding a +0 giant club (moderately wounded, chance to affect: 83%)
You feel a surge of power!
The ogre barely resists.
The ogre barely misses you.
Casting: Necrotize (safe; 2% risk of failure)
Confirm with . or Enter, or press ? or * to list all spells.
Aiming: Necrotize (safe; 2% risk of failure)
Press: ? - help, Shift-Dir - straight line, f/p - ogre
Aim: an ogre, wielding a +0 giant club (moderately wounded, chance to affect: 83%)
You feel a surge of power!
The ogre writhes in agony.
The ogre barely misses you.
You hit the ogre but do no damage.
Your weapon exudes an aura of protection.
The ogre is moderately wounded.
You hit the ogre.
The ogre is moderately wounded.
The ogre closely misses you.
You hit the ogre.
The ogre is heavily wounded.
The ogre barely misses you.
You hit the ogre.
The ogre is heavily wounded.
The ogre barely misses you.
You hit the ogre.
The ogre is severely wounded.
You hit the ogre.
The ogre is almost dead.
The ogre hits you with a +0 giant club.
You die...

#.# ##.....##
###.##### ##...##
#.......# ##'##
#.#.###.# #.# #.#.#
#.# #.#
#.#.###.#####.####
#................#
###.##.####......###
#O@.#.####.........
#............##.###
#...#.####.#.##.#
#####.# #......#
#.####.#.####
#.....>#.#
########.# #### #.#
#... ########### #.#
#.##


You could see an ogre.

Vanquished Creatures
  2 adders (D:2)
  An endoplasm (D:1)
  A goblin (D:2)
  2 hobgoblins
  2 jackals (D:2)
  3 kobolds
  A ball python (D:2)
  8 bats
  2 frilled lizards (D:2)
  10 rats
32 creatures vanquished.

Vanquished Creatures (collateral kills)
  2 goblins (D:1)
  A hobgoblin (D:1)
3 creatures vanquished.

Grand Total: 35 creatures vanquished

Notes
Turn   | Place    | Note
-------+----------+-------------------------------------------
     0 | D:1      | valliere the Mummy Necromancer began the quest for the Orb.
     0 | D:1      | Reached XP level 1. HP: 13/13 MP: 4/4
   319 | D:1      | Reached XP level 2. HP: 20/20 MP: 2/5
   833 | D:1      | Found a faded altar of an unknown god.
   843 | D:1      | Prayed at the altar of an unknown god.
   843 | D:1      | Became a worshipper of Ru the Awakened
   859 | D:1      | Gained mutation: You are missing an eye, making it more
                  | difficult to aim. [Ru sacrifice]
   859 | D:1      | Reached * piety under Ru
  1124 | D:2      | Reached skill level 1 in Fighting
  1124 | D:2      | Gained mutation: You are in touch with the powers of death.
                  | [Mummy growth]
  1124 | D:2      | Reached XP level 3. HP: 23/26 MP: 0/7
  2106 | D:3      | Noticed Sigmund
  2249 | D:3      | Noticed an ogre
  2252 | D:2      | HP: 1/26 [ogre/+0 giant club (25)]
  2264 | D:2      | Slain by an ogre

Illustrated notes

Levels and vault maps discovered:
D:1:      onia_arrival_handbag, layout_basic,
          chequers_ecumenical_altar_simple_redux
D:2:      layout_loops_corners
D:3:      minmay_inner_zag, layout_basic, minmay_checkerbox, uniq_sigmund

Skill      XL: |  1  2 |
---------------+-------+-----
Stealth        | 2 |  2.1
Fighting       | 1 |  1.2
Dodging        | |  1.5
Spellcasting   | |  2.7
Hexes          | |  0.1
Necromancy     | |  4.7

Action                   || total
-------------------------++-------
Melee: Short sword       ||     8
 Cast: Necrotize         ||    69
Invok: Sacrifice an Eye  ||     1
Armor: Robe              ||     5
Dodge: Dodged            ||    12

Table legend: (Time is in decaauts)
 A = Elapsed time spent in this place.
 B = Non-inter-level travel time spent in this place.
 C = Inter-level travel time spent in this place.
 D = Time resting spent in this place.
 E = Time spent auto-exploring this place.
 F = Levels seen in this place.
 G = Mean time per level.
                   A        B        C        D        E       F      G
               +--------+--------+--------+--------+--------+-----+--------+
         Total |   2264 |   2195 |     69 |      0 |   1980 |   3 |  754.7 |
       Dungeon |   2264 |   2195 |     69 |      0 |   1980 |   3 |  754.7 |
               +--------+--------+--------+--------+--------+-----+--------+

Top non-repeatable levels by time:
     D:2: 1350 daAuts
     D:1: 907 daAuts
     D:3: 6 daAuts
